| TOP OF THE 1ST |
|
Elizabethton Twins batting - Pitching for Oakland (APP) Athletics : RHP Paul Olson
|
|
Pitching: RHP Paul Olson
|
|
|
Batting: RHB Nestor Moreno
|
0-0: Called Strike 0-1: Ball 1-1: Called Strike 1-2: Ball 2-2: Ball 3-2: Base on Balls
|
|
Batting: RHB David McDonald
|
0-0: Called Strike 0-1: Called Strike 0-2: Ball 1-2: Ball 2-2: Ball 3-2: Grounds into double play, 5-4-3 (Groundball, 56, EV 90.0 MPH)
|
|
Batting: LHB Ryuuichi Shintani
|
0-0: DOUBLE (Flyball, 8RXD, EV 98.1 MPH)
|
|
Batting: LHB Bill Lorimer
|
0-0: Swinging Strike 0-1: Swinging Strike 0-2: Ball 1-2: Foul Ball, location: 2F 1-2: Fly out, F6 (Popup, P, EV 80.6 MPH)
|
| Top of the 1st over - 0 runs, 1 hit, 0 errors, 1 left on base; Elizabethton 0 - Oakland (APP) 0 |
| BOTTOM OF THE 1ST |
|
Oakland (APP) Athletics batting - Pitching for Elizabethton Twins : RHP Jose Zavala
|
|
Pitching: RHP Jose Zavala
|
|
|
Batting: LHB Diego Vega
|
0-0: Foul Ball, location: 2F 0-1: Ball 1-1: Called Strike 1-2: Ball 2-2: Ball 3-2: Base on Balls
|
|
Batting: RHB Gabe Secundino
|
0-0: Foul Ball, location: 2F 0-1: Ball 1-1: Foul Ball, location: 2F 1-2: Fly out, F8 (Flyball, 89M, EV 72.5 MPH)
|
|
Batting: RHB Phoctor Dill
|
0-0: Ball 1-0: Swinging Strike 1-1: Called Strike Diego Vega is caught stealing 2nd base 2-4 1-2: Foul Ball, location: 2F 1-2: Foul Ball, location: 2F 1-2: Strikes out looking
|
| Bottom of the 1st over - 0 runs, 0 hits, 0 errors, 0 left on base; Elizabethton 0 - Oakland (APP) 0 |
| TOP OF THE 2ND |
|
Elizabethton Twins batting - Pitching for Oakland (APP) Athletics : RHP Paul Olson
|
|
Batting: RHB Sergio Gomez
|
0-0: Called Strike 0-1: Swinging Strike 0-2: Strikes out looking
|
|
Batting: RHB Ned Scovell
|
0-0: Ball 1-0: Foul Ball, location: 2F 1-1: Ball 2-1: Ground out 5-3 (Groundball, 5, EV 103.1 MPH)
|
|
Batting: LHB Joey Zamora
|
0-0: Ball 1-0: Ball 2-0: Called Strike 2-1: Foul Ball, location: 2F 2-2: Ball 3-2: Foul Ball, location: 2F 3-2: Base on Balls
|
|
Batting: RHB Hisao Takei
|
0-0: Ball Wild Pitch! Joey Zamora to second 1-0: Ball 2-0: Ball 3-0: Called Strike 3-1: Called Strike 3-2: Foul Ball, location: 2F 3-2: Foul Ball, location: 2F 3-2: Fly out, F8 (Flyball, 8RD, EV 91.2 MPH)
|
| Top of the 2nd over - 0 runs, 0 hits, 0 errors, 1 left on base; Elizabethton 0 - Oakland (APP) 0 |
| BOTTOM OF THE 2ND |
|
Oakland (APP) Athletics batting - Pitching for Elizabethton Twins : RHP Jose Zavala
|
|
Batting: LHB Ben Landry
|
0-0: Swinging Strike 0-1: Swinging Strike 0-2: Ball 1-2: Fly out, F7 (Flyball, 7LSF, EV 95.6 MPH)
|
|
Batting: RHB Toyohiko Nakajima
|
0-0: Ball 1-0: Fly out, F8 (Line Drive, 8RD, EV 96.2 MPH)
|
|
Batting: RHB Pete Goerge
|
0-0: Ball 1-0: Foul Ball, location: 2F 1-1: Foul Ball, location: 2F 1-2: Ground out 5-3 (Groundball, 56D, EV 81.9 MPH)
|
| Bottom of the 2nd over - 0 runs, 0 hits, 0 errors, 0 left on base; Elizabethton 0 - Oakland (APP) 0 |
| TOP OF THE 3RD |
|
Elizabethton Twins batting - Pitching for Oakland (APP) Athletics : RHP Paul Olson
|
|
Batting: RHB Braydon Garland
|
0-0: Ball 1-0: Ball 2-0: Called Strike 2-1: Fly out, F8 (Flyball, 8LXD, EV 104.4 MPH)
|
|
Batting: RHB Nestor Moreno
|
0-0: Ball 1-0: Foul Ball, location: 2F 1-1: DOUBLE (Groundball, 5L, EV 115.0 MPH)
|
|
Batting: RHB David McDonald
|
0-0: Ball 1-0: Swinging Strike 1-1: Swinging Strike 1-2: Strikes out swinging
|
|
Batting: LHB Ryuuichi Shintani
|
0-0: Ground out 5-3 (Groundball, 6, EV 109.4 MPH)
|
| Top of the 3rd over - 0 runs, 1 hit, 0 errors, 1 left on base; Elizabethton 0 - Oakland (APP) 0 |
| BOTTOM OF THE 3RD |
|
Oakland (APP) Athletics batting - Pitching for Elizabethton Twins : RHP Jose Zavala
|
|
Batting: SHB Raul Herrera
|
0-0: Ground out U3 (Groundball, 3, EV 87.5 MPH)
|
|
Batting: LHB Bryan Hodensack
|
0-0: Fly out, F8 (Flyball, 8LD, EV 100.6 MPH)
|
|
Batting: RHB Dave Villarreal
|
0-0: Called Strike 0-1: Called Strike 0-2: Ball 1-2: Ground out U3 (Groundball, 3, EV 107.5 MPH)
|
| Bottom of the 3rd over - 0 runs, 0 hits, 0 errors, 0 left on base; Elizabethton 0 - Oakland (APP) 0 |
| TOP OF THE 4TH |
|
Elizabethton Twins batting - Pitching for Oakland (APP) Athletics : RHP Paul Olson
|
|
Batting: LHB Bill Lorimer
|
0-0: Ball 1-0: Swinging Strike 1-1: Ball 2-1: Foul Ball, location: 2F 2-2: Strikes out looking
|
|
Batting: RHB Sergio Gomez
|
0-0: Swinging Strike 0-1: Ball 1-1: Foul Ball, location: 2F 1-2: Foul Ball, location: 2F 1-2: Ball 2-2: Ball 3-2: Foul Ball, location: 2F 3-2: Strikes out swinging
|
|
Batting: RHB Ned Scovell
|
0-0: Ball 1-0: Ball 2-0: Ground out 4-3 (Groundball, 4, EV 103.1 MPH)
|
| Top of the 4th over - 0 runs, 0 hits, 0 errors, 0 left on base; Elizabethton 0 - Oakland (APP) 0 |
| BOTTOM OF THE 4TH |
|
Oakland (APP) Athletics batting - Pitching for Elizabethton Twins : RHP Jose Zavala
|
|
Batting: LHB Diego Vega
|
0-0: Called Strike 0-1: Ball 1-1: Ground out 4-3 (Groundball, 13, EV 81.9 MPH)
|
|
Batting: RHB Gabe Secundino
|
0-0: Ball 1-0: Swinging Strike 1-1: Foul Ball, location: 2F 1-2: SINGLE (Line Drive, 34, EV 96.9 MPH)
|
|
Batting: RHB Phoctor Dill
|
0-0: Swinging Strike 0-1: Ball 1-1: Foul Ball, location: 2F 1-2: 2-RUN HOME RUN (Flyball, 8RXD, EV 115.6 MPH), Distance : 446 ft
|
|
Batting: LHB Ben Landry
|
0-0: DOUBLE (Groundball, 5L, EV 101.9 MPH)
|
|
Pinch Runner at 2nd Ricky Ulloa:
|
|
|
Batting: RHB Toyohiko Nakajima
|
0-0: Ball 1-0: Ball 2-0: Ball 3-0: Called Strike 3-1: Called Strike 3-2: Base on Balls
|
|
Batting: RHB Pete Goerge
|
0-0: Called Strike 0-1: Fly out, F8 (Line Drive, 8RM, EV 96.9 MPH)
|
|
Batting: SHB Raul Herrera
|
0-0: Ground out 1-3 (Groundball, 25, EV 63.8 MPH)
|
| Bottom of the 4th over - 2 runs, 3 hits, 0 errors, 2 left on base; Elizabethton 0 - Oakland (APP) 2 |
| TOP OF THE 5TH |
|
Elizabethton Twins batting - Pitching for Oakland (APP) Athletics : RHP Paul Olson
|
|
Now at 2B: Ricky Ulloa
|
|
|
Batting: LHB Joey Zamora
|
0-0: Called Strike 0-1: Ball 1-1: Foul Ball, location: 2F 1-2: Strikes out swinging
|
|
Pitching: RHP Albie Cisneros
|
|
|
Batting: RHB Hisao Takei
|
0-0: Ball 1-0: Ball 2-0: Ball 3-0: Called Strike 3-1: Fly out, F9 (Flyball, 89S, EV 93.1 MPH)
|
|
Batting: RHB Braydon Garland
|
0-0: Foul Ball, location: 2F 0-1: Ball 1-1: Foul Ball, location: 2F 1-2: Strikes out looking
|
| Top of the 5th over - 0 runs, 0 hits, 0 errors, 0 left on base; Elizabethton 0 - Oakland (APP) 2 |
| BOTTOM OF THE 5TH |
|
Oakland (APP) Athletics batting - Pitching for Elizabethton Twins : RHP Jose Zavala
|
|
Batting: LHB Bryan Hodensack
|
0-0: Ball 1-0: Ball 2-0: Ground out 4-3 (Groundball, 4, EV 86.9 MPH)
|
|
Batting: RHB Dave Villarreal
|
0-0: Called Strike 0-1: Ball 1-1: Fly out, F9 (Line Drive, 9D, EV 93.8 MPH)
|
|
Batting: LHB Diego Vega
|
0-0: Ball 1-0: Called Strike 1-1: Called Strike 1-2: SINGLE (Groundball, 34D, EV 98.1 MPH)
|
|
Batting: RHB Gabe Secundino
|
0-0: Called Strike 0-1: Ball 1-1: Ball 2-1: Ball 3-1: 2-RUN HOME RUN (Flyball, 7D, EV 97.5 MPH), Distance : 395 ft
|
|
Batting: RHB Phoctor Dill
|
0-0: Swinging Strike 0-1: Fly out, F4 (Popup, 34S, EV 81.2 MPH)
|
| Bottom of the 5th over - 2 runs, 2 hits, 0 errors, 0 left on base; Elizabethton 0 - Oakland (APP) 4 |
| TOP OF THE 6TH |
|
Elizabethton Twins batting - Pitching for Oakland (APP) Athletics : RHP Albie Cisneros
|
|
Batting: RHB Nestor Moreno
|
0-0: Called Strike 0-1: Swinging Strike 0-2: Ball 1-2: Ball 2-2: Strikes out swinging
|
|
Batting: RHB David McDonald
|
0-0: Called Strike 0-1: Foul Ball, location: 2F 0-2: Ball 1-2: Foul Ball, location: 2F 1-2: Ball 2-2: Foul Ball, location: 2F 2-2: Foul Ball, location: 2F 2-2: Foul Ball, location: 2F 2-2: DOUBLE (Flyball, 78D, EV 106.9 MPH)
|
|
Batting: LHB Ryuuichi Shintani
|
0-0: Ball 1-0: Foul Ball, location: 2F 1-1: Ball 2-1: Foul Ball, location: 2F 2-2: Ground out 6-3 (Groundball, 6, EV 88.1 MPH) David McDonald to third
|
|
Batting: LHB Bill Lorimer
|
0-0: Called Strike 0-1: Foul Ball, location: 2F 0-2: Foul Ball, location: 2F 0-2: Ball 1-2: Ball 2-2: Strikes out swinging
|
| Top of the 6th over - 0 runs, 1 hit, 0 errors, 1 left on base; Elizabethton 0 - Oakland (APP) 4 |
| BOTTOM OF THE 6TH |
|
Oakland (APP) Athletics batting - Pitching for Elizabethton Twins : RHP Jose Zavala
|
|
Batting: RHB Ricky Ulloa
|
0-0: Ball 1-0: Called Strike 1-1: Fly out, F9 (Line Drive, 89M, EV 105.6 MPH)
|
|
Batting: RHB Toyohiko Nakajima
|
0-0: Swinging Strike 0-1: Ball 1-1: Ball 2-1: Swinging Strike 2-2: Foul Ball, location: 2F 2-2: Ground out U3 (Groundball, 34S, EV 91.9 MPH)
|
|
Batting: RHB Pete Goerge
|
0-0: DOUBLE (Line Drive, 78D, EV 114.4 MPH)
|
|
Batting: SHB Raul Herrera
|
0-0: Ball 1-0: Called Strike 1-1: 2-RUN HOME RUN (Flyball, 9D, EV 93.8 MPH), Distance : 347 ft
|
|
Pitching: RHP Brian Waldrip
|
|
|
Batting: LHB Bryan Hodensack
|
0-0: Reached on error, E6 (Groundball, 6, EV 103.8 MPH)
|
|
Batting: RHB Dave Villarreal
|
0-0: Foul Ball, location: 2F 0-1: Called Strike 0-2: Strikes out swinging, 2-3 out at first.
|
| Bottom of the 6th over - 2 runs, 2 hits, 1 error, 1 left on base; Elizabethton 0 - Oakland (APP) 6 |
| TOP OF THE 7TH |
|
Elizabethton Twins batting - Pitching for Oakland (APP) Athletics : RHP Albie Cisneros
|
|
Batting: RHB Sergio Gomez
|
0-0: Foul Ball, location: 2F 0-1: Called Strike 0-2: Ball 1-2: Ball 2-2: Ground out 6-3 (Groundball, 56, EV 84.4 MPH)
|
|
Batting: RHB Ned Scovell
|
0-0: Ball 1-0: Ball 2-0: Called Strike 2-1: Fly out, F8 (Line Drive, 8LD, EV 106.9 MPH)
|
|
Batting: LHB Joey Zamora
|
0-0: Called Strike 0-1: Foul Ball, location: 2F 0-2: Ball 1-2: Fly out, F5 (Popup, 6, EV 74.4 MPH)
|
| Top of the 7th over - 0 runs, 0 hits, 0 errors, 0 left on base; Elizabethton 0 - Oakland (APP) 6 |
| BOTTOM OF THE 7TH |
|
Oakland (APP) Athletics batting - Pitching for Elizabethton Twins : RHP Brian Waldrip
|
|
Batting: LHB Diego Vega
|
0-0: Called Strike 0-1: Ball 1-1: Ground out 5-3 (Groundball, 6, EV 89.4 MPH)
|
|
Batting: RHB Gabe Secundino
|
0-0: Called Strike 0-1: Ball 1-1: Called Strike 1-2: Foul Ball, location: 2F 1-2: Strikes out swinging, 2-3 out at first.
|
|
Batting: RHB Phoctor Dill
|
0-0: Swinging Strike 0-1: Fly out, F9 (Flyball, 9D, EV 101.9 MPH)
|
| Bottom of the 7th over - 0 runs, 0 hits, 0 errors, 0 left on base; Elizabethton 0 - Oakland (APP) 6 |
| TOP OF THE 8TH |
|
Elizabethton Twins batting - Pitching for Oakland (APP) Athletics : RHP Albie Cisneros
|
|
Pitching: RHP Andy Teague
|
|
|
Batting: RHB Hisao Takei
|
0-0: Called Strike 0-1: Ball 1-1: Foul Ball, location: 2F 1-2: Foul Ball, location: 2F 1-2: Ball 2-2: Foul Ball, location: 2F 2-2: Strikes out swinging
|
|
Batting: RHB Braydon Garland
|
0-0: Ball 1-0: Ball 2-0: Ball 3-0: Called Strike 3-1: Base on Balls
|
|
Batting: RHB Nestor Moreno
|
0-0: Called Strike 0-1: Called Strike 0-2: Ball 1-2: Foul Ball, location: 2F 1-2: Strikes out swinging
|
|
Batting: RHB David McDonald
|
0-0: Foul Ball, location: 2F 0-1: Foul Ball, location: 2F 0-2: Strikes out swinging
|
| Top of the 8th over - 0 runs, 0 hits, 0 errors, 1 left on base; Elizabethton 0 - Oakland (APP) 6 |
| BOTTOM OF THE 8TH |
|
Oakland (APP) Athletics batting - Pitching for Elizabethton Twins : RHP Brian Waldrip
|
|
Batting: RHB Ricky Ulloa
|
0-0: Ball 1-0: Swinging Strike 1-1: Foul Ball, location: 2F 1-2: Strikes out looking
|
|
Batting: RHB Toyohiko Nakajima
|
0-0: Called Strike 0-1: Foul Ball, location: 2F 0-2: Ball 1-2: Strikes out looking
|
|
Batting: RHB Pete Goerge
|
0-0: Ball 1-0: Ball 2-0: Called Strike 2-1: Called Strike 2-2: Foul Ball, location: 2F 2-2: Strikes out swinging
|
| Bottom of the 8th over - 0 runs, 0 hits, 0 errors, 0 left on base; Elizabethton 0 - Oakland (APP) 6 |
| TOP OF THE 9TH |
|
Elizabethton Twins batting - Pitching for Oakland (APP) Athletics : RHP Andy Teague
|
|
Batting: LHB Ryuuichi Shintani
|
0-0: Foul Ball, location: 2F 0-1: Swinging Strike 0-2: Ball 1-2: Foul Ball, location: 2F 1-2: Strikes out swinging
|
|
Batting: LHB Bill Lorimer
|
0-0: Called Strike 0-1: Foul Ball, location: 2F 0-2: Ball 1-2: Strikes out looking
|
|
Batting: RHB Sergio Gomez
|
0-0: Ball 1-0: Ball 2-0: Ball 3-0: Base on Balls
|
|
Batting: RHB Ned Scovell
|
0-0: Swinging Strike 0-1: Fielders Choice at 2nd, 6-4 (Groundball, 6, EV 106.2 MPH)
|
| Top of the 9th over - 0 runs, 0 hits, 0 errors, 1 left on base; Elizabethton 0 - Oakland (APP) 6 |
|